Match 45200600
Unlisted

Match 45200600
End
Construct Barracks
Riflemen Squad
Selects Advanced Infantry Battlegroup
Riflemen Squad
Riflemen Squad
Riflemen Squad
Construct Medical Station
Infantry Support Center
Construct Weapon Support Center
M3 Armored Personnel Carrier
Selects Convert to Ranger Squad
Selects Frontline Medical Station
Advanced Logistics
Convert to Ranger Squad
Munitions Surplus
Convert to Ranger Squad
Engineer Squad
Engineer Squad
Improved M9 Bazooka Rockets
M1919 Machine Gun Team
Selects Ranger Weapon Training
Selects Artillery Observers
Construct Tank Depot
Selects M2A1 105mm Howitzer Emplacement
M4(105) Sherman Bulldozer
Selects M2A1 105mm Howitzer Emplacement
Selects 155mm Rapid Artillery Barrage
Survival Training
Engineer Squad
Convert to Ranger Squad
Mortar Pit
Mortar Pit
.30 cal Machine Gun
Artillery Observer Squad
stalker
[QSA] Aerocrastic
RPZWolf
Urge to Merge
Tirant
Cameltoe Joe
0
0

Comments sign in to comment!

No comments posted yet!